 Dungeon Crawl Stone Soup version 0.21-a0-369-g397cdb2 (webtiles) character file.

90 tof the Sneak (level 4, -7/23 HPs)
             Began as a Spriggan Assassin on Oct 15, 2017.
             Killed by divine providence
             ... invoked by an orc priest
              (14 damage)
             ... on level 3 of the Dungeon.
             The game lasted 00:06:10 (2649 turns).

tof the Sneak (Spriggan Assassin)                   Turns: 2649, Time: 00:06:11

Health: -7/23      AC:  3    Str:  7 (8)  XL:     4   Next: 32%
Magic:  5/5        EV: 18    Int:  9 (12) God:
Gold:   172        SH:  0    Dex: 15 (17) Spells: 3/3 levels left

rFire    . . .     SeeInvis +   a - +2 dagger
rCold    . . .     Gourm    .   (shield restricted)
rNeg     . . .     Faith    .   c - +0 robe
rPois    .         Spirit   .   (helmet restricted)
rElec    .         Reflect  .   d - +0 cloak
rCorr    .         Harm     .   (gloves unavailable)
MR       .....                  (boots unavailable)
Stlth    +++.......             i - amulet of magic regeneration
HPRegen  0.07/turn              (no ring)
MPRegen  0.34/turn              (no ring)

@: very quick
A: unfitting armour, see invisible, herbivore 3, speed 3, slow metabolism 2
a: no special abilities


You were on level 3 of the Dungeon.
You were not hungry.

You visited 1 branch of the dungeon, and saw 3 of its levels.

You collected 172 gold pieces.

Inventory:

Hand Weapons
 a - a +2 dagger (weapon)
 b - a +0 blowgun
Missiles
 e - 38 poisoned needles
 f - 2 curare-tipped needles
Armour
 c - a +0 robe (worn)
 d - a +0 cloak (worn)
Jewellery
 i - an amulet of magic regeneration (around neck)
Scrolls
 h - a scroll of remove curse {unknown}
 k - 2 scrolls of teleportation {unknown}
 l - a scroll of enchant weapon {unknown}
 m - 2 scrolls of identify {unknown}
 o - 3 scrolls of enchant armour {unknown}
 p - a scroll of magic mapping {unknown}
Potions
 n - a potion of flight {unknown}
 q - a potion of haste
Comestibles
 g - 2 bread rations
 j - 7 fruits


   Skills:
 + Level 2.1 Fighting
 * Level 3.5 Short Blades
 + Level 2.5 Throwing
 + Level 2.7 Dodging
 + Level 6.4 Stealth


You had 3 spell levels left.
You didn't know any spells.

Dungeon Overview and Level Annotations

Branches:
Dungeon (3/15)

Altars:
Cheibriados


Innate Abilities, Weirdness & Mutations

You are very small and have problems with some larger weapons.
You are too small for most types of armour.
You have supernaturally acute eyesight. (SInv)
You are a herbivore.
You cover ground extremely quickly.
You need consume almost no food.


Message History

Firing (i - inventory. (,) - cycle):
e - 39 poisoned needles (quivered)
Press: ? - help, Shift-Dir - straight line, f/p - orc priest
Aim: an orc priest, wielding a war axe You shoot a poisoned needle.
The poisoned needle hits the orc priest.
The orc priest is poisoned.
a - a +2 dagger (weapon)
The orc priest mumbles some strange prayers to Beogh against you.
Beogh smites you!
Ouch! That really hurt!
* * * LOW HITPOINT WARNING * * *
The orc priest calls upon Beogh to heal the orc.
The orc's wounds heal themselves!
You see here 4 gold pieces.
There is an open door here.
You feel a bit more experienced.
The orc priest invokes the aid of Beogh against you.
Beogh smites you!
Ouch! That really hurt!
You die...

............# #.........(.#
............# ..........#
............######...$....#
##'###......'....#........#
#.# #......####.#........#
#.# #......# #.#..o.....#
#†# #......# #.#........#
#.# #......# #.#........#
#.# #......# #@#o.......#
#.########## #.#......$.#
#....# ##'#........# #....#
#..o........# #....#
#.....####### #....#
#.....# #.#### #.....#
##'###### #.....#
.......... #.....#


You could see an orc priest.

Vanquished Creatures
  4 adders
  3 dart slugs
  2 leopard geckos
  An orc (D:3)
  A ball python (D:3)
  3 bats
  2 giant cockroaches
  4 goblins
  9 hobgoblins
  7 kobolds
  A quokka (D:2)
  A frilled lizard (D:1)
  7 rats
45 creatures vanquished.

Vanquished Creatures (others)
  A goblin (D:2)
1 creature vanquished.

Grand Total: 46 creatures vanquished

Notes
Turn   | Place    | Note
-------+----------+-------------------------------------------
     0 | D:1      | tof the Spriggan Assassin began the quest for the Orb.
     0 | D:1      | Reached XP level 1. HP: 10/10 MP: 2/2
   214 | D:1      | You fall through a shaft!
   330 | D:1      | Reached skill level 6 in Stealth
   330 | D:1      | Reached XP level 2. HP: 14/15 MP: 3/3
  1139 | D:2      | Reached XP level 3. HP: 18/18 MP: 4/4
  1911 | D:2      | Reached XP level 4. HP: 8/23 MP: 5/5
  2502 | D:3      | Found a snail-covered altar of Cheibriados.
  2649 | D:3      | Killed from afar by an orc priest

Vault maps used:
D:1:      dpeg_arrival_castle
D:3:      nicolae_overflow_hidden_temple

Skill      XL: |  1  2  3 |
---------------+----------+-----
Stealth        | 6 |  6.4
Dodging        | 2 |  2.7
Short Blades   | 3 |  3.5
Fighting       | 2 |  2.1
Throwing       | |  2.5

Action                   |  1- 3 |  4- 6 || total
-------------------------+-------+-------++-------
Melee: Dagger            |   150 |    32 ||   182
 Fire: Blowgun           |     7 |     8 ||    15
  Use: Potion            |     3 |       ||     3
 Stab: Sleeping          |     4 |     2 ||     6
       Distracted        |     1 |       ||     1
Armor: Robe              |    15 |     1 ||    16
Dodge: Dodged            |    99 |    20 ||   119

Table legend:
 A = Spawn XP
 B = Non-spawn XP
 C = Spawn XP percentage of total XP
 D = Spawn monster count
 E = Non-spawn monster count
 F = Spawn count percentage of total count
 G = Total turns spent on level
                    A         B        C        D         E        F      G
               +---------+---------+-------+---------+---------+-------+---------
         Total |       0 |     129 |   0.0 |       0 |      45 |   0.0 |  2649
               +---------+---------+-------+---------+---------+-------+---------
           D:1 |       0 |      28 |   0.0 |       0 |      16 |   0.0 |   922
           D:2 |       0 |      73 |   0.0 |       0 |      21 |   0.0 |  1459
           D:3 |       0 |      28 |   0.0 |       0 |       8 |   0.0 |   268
               +---------+---------+-------+---------+---------+-------+---------
